 Dungeon Crawl Stone Soup version 0.30.1-4-g462c640d31 (webtiles) character file.

Game seed: 6294062347167197031

683 Wiggles the Chopper (level 7, -1/61 HPs)
             Began as a Minotaur Berserker on Aug 30, 2023.
             Was a Believer of Trog.
             Splashed by a jelly's acid (4 damage)
             ... on level 5 of the Dungeon.
             The game lasted 00:05:42 (4043 turns).

Wiggles the Chopper (Minotaur Berserker)            Turns: 4043, Time: 00:05:42

Health: -1/61      AC: 10    Str: 23    XL:     7   Next: 35%
Magic:  6/6        EV: 11    Int:  4    God:    Trog [**....]
Gold:   182        SH:  0    Dex: 10    Spells: 6/6 levels left

rFire   . . .        a - +0 hand axe
rCold   . . .        (no shield)
rNeg    . . .        p - +0 scale mail
rPois   .            (helmet restricted)
rElec   .            n - +0 cloak
rCorr   .            (no gloves)
SInv    .            s - +1 pair of boots
Will    .....        (no amulet) Stlth
                     (no ring)
HPRegen 0.30/turn    (no ring)
MPRegen 0.10/turn

%: no passive effects
@: no status effects
A: horns 2, retaliatory headbutt
a: Renounce Religion, Berserk, Trog's Hand


You were on level 5 of the Dungeon.
You worshipped Trog.
Trog was pleased with you.
You visited 1 branch of the dungeon, and saw 5 of its levels.

You collected 232 gold pieces.
You spent 50 gold pieces at shops.

Inventory:

Hand Weapons
 a - a +0 hand axe (weapon)
Armour
 n - a +0 cloak (worn)
 p - a +0 scale mail (worn)
 s - a +1 pair of boots (worn)
Jewellery
 w - a ring of protection from fire
Scrolls
 c - 4 scrolls of teleportation {unknown}
 g - 3 scrolls of identify {unknown}
 h - 4 scrolls of fog {unknown}
 i - 2 scrolls of poison {unknown}
 j - a scroll of amnesia {unknown}
 l - 2 scrolls of magic mapping {unknown}
 q - a scroll of fear {unknown}
 r - 2 scrolls of noise {unknown}
 u - a scroll of enchant weapon {unknown}
 v - 3 scrolls of enchant armour {unknown}
Potions
 b - 6 potions of heal wounds
 d - a potion of resistance
 e - a potion of haste {unknown}
 f - 2 potions of degeneration {unknown}
 k - 3 potions of curing {unknown}
 m - a potion of cancellation {unknown}
 o - a potion of attraction {unknown}
 t - 3 potions of lignification {unknown}


   Skills:
 + Level 5.6 Fighting
 + Level 7.5 Axes
 + Level 4.2 Armour
 + Level 4.1 Dodging
 + Level 1.0 Stealth


You had 6 spell levels left.
You didn't know any spells.
Your spell library was empty.

Dungeon Overview and Level Annotations

Branches:
Dungeon (5/15)             Temple (0/1) D:4

Altars:
Fedhas
Ru
Wu Jian

Shops:
D:2 !


Innate Abilities, Weirdness & Mutations

You have a pair of horns on your head.
You reflexively headbutt those who attack you in melee.


Message History

The arrow closely misses you.
You hit the bush but do no damage. You punch the bush, but do no damage.
The centaur shoots an arrow.
The arrow hits you!
The centaur shoots an arrow.
The arrow hits you but does no damage.
The centaur unwields a +0 shortbow.
The centaur hits the bush but does no damage.
The centaur kicks the bush but does no damage.
The centaur wields a +0 shortbow.
The centaur shoots an arrow.
The arrow misses you.
You hit the bush but do no damage.
You headbutt the bush, but do no damage.
The centaur shoots an arrow.
The arrow hits you.
You hit the bush but do no damage.
The centaur shoots an arrow.
The arrow hits you.
The centaur unwields a +0 shortbow.
The centaur hits the bush.
The centaur kicks the bush but does no damage.
The centaur wields a +0 shortbow.
The centaur shoots an arrow.
The arrow hits you!
* * * LOW HITPOINT WARNING * * *
The centaur shoots an arrow.
The arrow hits you but does no damage.
The centaur shoots an arrow.
The arrow completely misses you.
The centaur shoots an arrow.
The arrow hits you!
* * * LOW HITPOINT WARNING * * *
You hit the bush.
The bush is lightly damaged.
You hit the bush. You hit the bush but do no damage.
The centaur shoots an arrow.
The arrow hits you.
* * * LOW HITPOINT WARNING * * *
You completely miss the bush.
The bush is lightly damaged.
You hit the bush but do no damage. You hit the jelly.
Your hands burn!
* * * LOW HITPOINT WARNING * * *
You slash the bush!
The centaur shoots an arrow.
The arrow hits you.
* * * LOW HITPOINT WARNING * * *
The jelly closely misses you.
The centaur shoots an arrow.
The arrow hits you but does no damage.
You hit the bush but do no damage.
The bush is lightly damaged.
You hit the bush. You slash the jelly!
Your hands burn!
You die...

# ######## #.......
#######.###### #####.....#.# #
#?......#.#.# # #.PPPP....#'### #
####### #@PcPPP.......# ##
......# #JPP_PP.#.....# #.
#####.##########...PP........###.
.................PPP...........'.
#####.###########..#..........##.
#.###### .............##. #
#......# .............##. ###
######.# #...####.....##. ..##
#.# #...# #####.###


You could see a centaur and a jelly.

Vanquished Creatures
  A steam dragon (D:5)
  An ice beast (D:5)
  A scorpion (D:4)
  2 hounds
  A jelly (D:5)
  3 orc priests
  Crazy Yiuf (D:3)
  A sleepcap (D:5)
  An orc wizard (D:4)
  5 adders
  A shadow imp (D:5)
  3 dart slugs
  19 orcs
  2 endoplasms
  3 giant cockroaches
  3 goblins
  3 hobgoblins (D:4)
  A jackal (D:5)
  8 kobolds
  7 quokkas
  6 ball pythons
  4 bats
  3 frilled lizards
  4 rats
  A butterfly (D:4)
85 creatures vanquished.

Notes
Turn   | Place    | Note
-------+----------+-------------------------------------------
     0 | D:1      | Wiggles the Minotaur Berserker began the quest for the Orb.
     0 | D:1      | Reached XP level 1. HP: 19/19 MP: 0/0
   123 | D:1      | Reached XP level 2. HP: 18/27 MP: 1/1
   180 | D:1      | Reached skill level 4 in Axes
   594 | D:2      | Reached XP level 3. HP: 29/33 MP: 2/2
   781 | D:2      | Found Moenagir's Distillery.
   802 | D:2      | Bought a potion of heal wounds for 50 gold pieces
   845 | D:2      | Reached XP level 4. HP: 2/41 MP: 3/3
  1196 | D:2      | Reached ** piety under Trog
  1340 | D:3      | Reached skill level 5 in Axes
  1459 | D:3      | Reached XP level 5. HP: 16/47 MP: 4/4
  1462 | D:3      | HP: 2/47 [orc priest/+0 club (5)]
  2158 | D:3      | Found a runed translucent door.
  2159 | D:3      | Noticed Crazy Yiuf
  2167 | D:3      | Killed Crazy Yiuf
  2168 | D:3      | Reached skill level 5 in Fighting
  2348 | D:4      | Found a staircase to the Ecumenical Temple.
  2431 | D:4      | Found a sacrificial altar of Ru.
  2463 | D:4      | Reached skill level 6 in Axes
  2463 | D:4      | Reached XP level 6. HP: 34/56 MP: 5/5
  3315 | D:4      | Found an ornate altar of the Wu Jian Council.
  3444 | D:5      | Entered Level 5 of the Dungeon
  3502 | D:5      | Noticed an ice beast
  3509 | D:5      | Killed an ice beast
  3510 | D:5      | Reached skill level 1 in Stealth
  3546 | D:5      | Found a blossoming altar of Fedhas.
  3604 | D:5      | Reached skill level 7 in Axes
  3604 | D:5      | Reached XP level 7. HP: 56/61 MP: 6/6
  3924 | D:5      | Noticed a steam dragon
  3927 | D:5      | Killed a steam dragon
  4042 | D:5      | HP: 3/61 [acid (1)]
  4043 | D:5      | Splashed by a jelly's acid

Illustrated notes

Levels and vault maps discovered:
D:1:      dpeg_arrival_erosion, layout_basic, item_on_display_a
D:2:      cheibrodos_pilgrimage, layout_rooms, serial_shops, shop_fountains,
          due_unseen_surprise
D:3:      layout_rooms, nrook_mini_vaults, uniq_crazy_yiuf_cottage
D:4:      layout_loops_ring, mainiacjoe_overflow_brackets,
          nicolae_wu_jian_immortal_techniques, minmay_temple_entry_butterflies
D:5:      layout_basic, fedhas_bush_and_centaur_altar

Skill      XL: |  1  2  3  4  5  6  7 |
---------------+----------------------+-----
Fighting       | 4 5 |  5.6
Axes           | 4 5 6 7 |  7.5
Dodging        | 3 4 |  4.1
Armour         | 3 4 |  4.2
Stealth        | 1 |  1.0

Action                     |  1- 3 |  4- 6 |  7- 9 || total
---------------------------+-------+-------+-------++-------
  Melee: Hand axe          |    63 |   140 |    12 ||   215
         Punch             |     1 |     3 |     1 ||     5
         Headbutt          |     9 |    19 |     4 ||    32
 Invoke: Berserk           |       |     2 |     1 ||     3
 Armour: Animal skin       |     8 |       |       ||     8
         Leather armour    |     7 |    19 |       ||    26
         Scale mail        |       |    34 |    10 ||    44
  Dodge: Dodged            |    52 |    89 |     8 ||   149
